 Dungeon Crawl Stone Soup version 0.31-a0-881-ge136f0c47a (webtiles) character file.

Game seed: 4871421687987793921

13155 mdonais the Skirmisher (level 12, -2/87 HPs)
             Began as an Octopode Hexslinger on Oct 15, 2023.
             Was a Priest of Okawaru.
             Slain by an ice devil (8 damage)
             ... summoned by a kobold demonologist
             ... on level 10 of the Dungeon on Oct 16, 2023.
             The game lasted 00:44:27 (11504 turns).

mdonais the Skirmisher (Octopode Hexslinger)       Turns: 11504, Time: 00:44:27

Health: -2/87      AC: -1    Str:  8    XL:     12   Next: 3%
Magic:  14/18      EV: 21    Int: 15    God:    Okawaru [***...]
Gold:   587        SH:  5    Dex: 22    Spells: 2/19 levels left

rFire   . . .        b - +0 orcbow
rCold   . . .        (shield currently unavailable)
rNeg    . . .        K - +2 hat of Dithmenos's Pride {Dex+3}
rPois   .            v - amulet of reflection
rElec   .            (no ring)
rCorr   .            (no ring)
SInv    .            (no ring)
Will    .....        (no ring)
Stlth   ++++++       (no ring)
HPRegen 0.34/turn    (no ring)
MPRegen 0.16/turn    (no ring)
                     (no ring)

%: reflection
@: weak-willed, heroic, corroded
A: almost no armour, amphibious, 8 rings, camouflage 1, gelatinous body 1,
(nimble swimmer 1), tentacles
a: Renounce Religion, Heroism


You were on level 10 of the Dungeon.
You worshipped Okawaru.
Okawaru was most pleased with you.
You visited 2 branches of the dungeon, and saw 12 of its levels.

You collected 587 gold pieces.

Inventory:

Hand Weapons
 a - a +1 sling
 b - a +0 orcbow (weapon)
   (You took it off a centaur on level 5 of the Dungeon)
 l - a +0 dagger
   (You took it off a goblin on level 2 of the Dungeon)
 o - a +0 quarterstaff
   (You found it on level 3 of the Dungeon)
 x - a +1 falchion
   (You took it off a wight on level 6 of the Dungeon)
 y - a +2 falchion
   (You took it off a wight on level 6 of the Dungeon)
 E - a +5 spear of venom
   (You took it off a gnoll sergeant on level 10 of the Dungeon)
 H - a +1 heavy long sword
   (You took it off an orc warrior on level 8 of the Dungeon)
Missiles
 c - 36 poisoned darts
 t - 6 boomerangs
 J - 2 atropa-tipped darts
 Z - 3 throwing nets {=!f}
Armour
 K - the +2 hat of Dithmenos's Pride (worn) {Dex+3}
   (You found it on level 8 of the Dungeon)

   Dex+3:     It affects your dexterity (+3).
Jewellery
 d - an amulet of guardian spirit
   (You found it on level 1 of the Dungeon)
 g - a ring of ice
   (You found it on level 1 of the Dungeon)
 v - an amulet of reflection (around mantle)
   (You found it on level 6 of the Dungeon)
Wands
 s - a wand of quicksilver (13)
   (You found it on level 8 of the Dungeon)
 z - a wand of polymorph (13)
   (You found it on level 6 of the Dungeon)
 A - a wand of mindburst (12)
   (You found it on level 11 of the Dungeon)
 I - a wand of iceblast (32)
   (You took it off an orc on level 7 of the Dungeon)
 P - a wand of paralysis (18)
   (You found it on level 5 of the Dungeon)
 V - a wand of flame (30)
   (You found it on level 5 of the Dungeon)
Scrolls
 e - a scroll of immolation
 f - a scroll of acquirement
 i - a scroll of enchant armour
 j - a scroll of silence
 k - 2 scrolls of fear
 n - 5 scrolls of vulnerability
 q - 4 scrolls of poison
 r - 2 scrolls of noise
 u - a scroll of amnesia
 B - 2 scrolls of blinking
 C - a scroll of fog
 T - 2 scrolls of teleportation
Potions
 h - 3 potions of lignification
 m - 4 potions of invisibility
 p - a potion of attraction
 w - a potion of heal wounds
 D - a potion of brilliance {unknown}
 F - a potion of enlightenment {unknown}
 G - a potion of mutation {unknown}
 Q - 2 potions of curing


   Skills:
 - Level 10.0(15.0) Fighting
 + Level 11.3(16.3) Ranged Weapons
 + Level 5.7(10.7) Dodging
 - Level 6.0(11.0) Stealth
 - Level 4.0 Spellcasting
 - Level 6.0 Hexes
 - Level 3.0 Translocations
 - Level 4.0 Fire Magic
 + Level 1.1 Air Magic
 + Level 3.1 Invocations
 - Level 3.0 Evocations


You had 2 spell levels left.
You knew the following spells:

 Your Spells              Type           Power      Damage    Failure   Level
a - Jinxbite              Hex            42%        N/A       2%          2
b - Inner Flame           Hex/Fire       18%        N/A       7%          3
c - Sigil of Binding      Hex            21%        N/A       4%          3
d - Dimensional Bullseye  Hex/Tloc       8%         N/A       28%         4
e - Blink                 Tloc           24%        N/A       8%          2
f - Swiftness             Air            6%         N/A       32%         3

Your spell library contained the following spells:

 Spells                   Type           Power      Damage    Failure   Level
 Scorch                   Fire           30%        2d6       5%          2
 Ensorcelled Hibernation  Hex/Ice        24%        N/A       8%          2
 Poisonous Vapours        Pois/Air       8%         N/A       22%         2
 Passwall                 Tmut/Erth      2%         N/A       26%         2
 Cause Fear               Hex            10%        N/A       16%         4
 Mephitic Cloud           Conj/Pois/Air  4%         N/A       43%         3
 Manifold Assault         Tloc           12%        N/A       45%         4
 Frozen Ramparts          Ice            6%         1d1       47%         3
 Flame Wave               Conj/Fire      9%         2d6       61%         4
 Iskenderun's Mystic Bla  Conj/Tloc      7%         2d4       67%         4
 Metabolic Englaciation   Hex/Ice        6%         N/A       82%         5
 Petrify                  Tmut/Erth      3%         N/A       87%         4
 Borgnjor's Vile Clutch   Necr/Erth      1%         N/A       99%         5
 Freezing Cloud           Conj/Ice/Air   2%         6-21      99%         5
 Tukima's Dance           Hex            Unusable   N/A       N/A         3
 Animate Dead             Necr           Unusable   N/A       N/A         4
 Death Channel            Necr           Unusable   N/A       N/A         6
 Summon Cactus Giant      Summ           Unusable   N/A       N/A         6

Dungeon Overview and Level Annotations

Branches:
Dungeon (11/15) Zot: 25321  Temple (1/1) D:7 Zot: 5947
   Lair: D:8-11         Orc: D:9-12

Altars:
Ashenzari
Cheibriados
Dithmenos
Elyvilon
Fedhas
Gozag
Hepliaklqana
Kikubaaqudgha
Makhleb
Nemelex Xobeh
Okawaru
Qazlal
Ru
Sif Muna
Trog
Uskayaw
Vehumet
Wu Jian
Xom
Yredelemnul
Zin
The Shining One

Shops:
D:4 [   D:7 :

Annotations:
D:9 exclusion: vampire
D:10 exclusion: vampire
D:11 exclusion: 2 boulder beetles


Innate Abilities, Weirdness & Mutations

You cannot wear most types of armour.
You are amphibious.
You can wear up to eight rings at the same time.
Your skin changes colour to match your surroundings (Stealth+).
Your rubbery body absorbs attacks. (AC +1, EV +1)
((You are camouflaged when in or above water. (Stealth+)))
You have tentacles for arms and can constrict up to eight enemies at once.


Message History

Press: ? - help, Q - select action, (/) - cycle Shift-Dir - straight line, f/p - kobold brigand
Aim: a kobold brigand, wielding a +0 dagger and quivering curare-tipped darts (almost dead, heavily drained, chance to call a sprite on attack: 61%, 62% to hit)
You shoot an arrow.
The arrow hits the kobold brigand but does no damage.
The kobold brigand is almost dead.
A giggling sprite leaps out and makes the kobold brigand trip over its own feet.
You kill the kobold brigand!
Okawaru accepts your kill.
Fire: b) +0 orcbow
Press: ? - help, Q - select action, (/) - cycle Shift-Dir - straight line, f - kobold brigand
Aim: a kobold brigand, wielding a +0 short sword and quivering poisoned darts (chance to call a sprite on attack: 53%, 62% to hit)
You shoot an arrow. The arrow hits the kobold brigand!
The kobold brigand is moderately wounded.
A giggling sprite leaps out and insults the kobold brigand's ancestors.
The kobold brigand is heavily wounded.
The jinxing sprites lose interest in you.
The kobold brigand throws a poisoned dart.
The poisoned dart completely misses you.
Casting: Jinxbite (safe; 2% risk of failure)
Confirm with . or Enter, or press ? or * to list all spells.
You beckon some vexing sprites to accompany your attacks.
You feel your willpower being sapped.
A kobold demonologist comes into view. It is wielding a +0 dagger.
You now have 15/18 mp.
You shoot an arrow. The kobold demonologist shouts!
The arrow hits the kobold brigand!
You kill the kobold brigand!
Okawaru accepts your kill.
A kobold comes into view. It is wielding a +0 dagger of venom.
You shoot an arrow.
The arrow misses the kobold demonologist.
A giggling sprite leaps out and makes the kobold demonologist trip over its own feet.
The kobold demonologist is lightly wounded.
You shoot an arrow. The arrow hits the kobold demonologist!
The kobold demonologist is moderately wounded.
A giggling sprite leaps out and bonks the kobold demonologist with its +0 dagger.
The kobold demonologist is moderately wounded.
The kobold demonologist mumbles some strange words.
Fire: b) +0 orcbow
Press: ? - help, Q - select action, (/) - cycle Shift-Dir - straight line, f/p - kobold demonologist
Aim: a kobold demonologist, wielding a +0 dagger and wearing a +0 robe (moderately wounded, heavily drained, chance to call a sprite on attack: 60%, 60% to hit)
You shoot an arrow.
The arrow hits the kobold demonologist but does no damage.
The kobold demonologist is moderately wounded.
A giggling sprite leaps out and insults the kobold demonologist's ancestors.
The kobold demonologist is heavily wounded.
The jinxing sprites lose interest in you.
Fire: b) +0 orcbow
Press: ? - help, Q - select action, (/) - cycle Shift-Dir - straight line, f/p - kobold demonologist
Aim: a kobold demonologist, wielding a +0 dagger and wearing a +0 robe (heavily wounded, heavily drained, 60% to hit)
You shoot an arrow. The arrow hits the kobold demonologist!
The kobold demonologist is severely wounded.
Fire: b) +0 orcbow
Press: ? - help, Q - select action, (/) - cycle Shift-Dir - straight line, f/p - kobold demonologist
Aim: a kobold demonologist, wielding a +0 dagger and wearing a +0 robe (severely wounded, heavily drained, 60% to hit)
You shoot an arrow.
The arrow hits the quasit but does no damage.
A kobold demonologist comes into view. It is wielding a +0 dagger.
The quasit misses you.
The quasit claws you but does no damage. x2
You block the quasit's attack. The quasit claws you.
The quasit barely misses you.
The kobold demonologist casts a cantrip, but nothing happens.
You climb upwards.
The quasit disappears in a puff of smoke! x2
Level annotation: exclusion: vampire
There is a stone staircase leading down here.
Fire: b) +0 orcbow
Press: ? - help, Q - select action, (/) - cycle Shift-Dir - straight line, f - kobold demonologist
Aim: a kobold demonologist, wielding a +0 dagger and wearing a +0 robe (severely wounded, heavily drained, 60% to hit)
You shoot an arrow.
The arrow barely misses the kobold demonologist.
The kobold demonologist gestures wildly while chanting.
Fire: b) +0 orcbow
Press: ? - help, Q - select action, (/) - cycle Shift-Dir - straight line, f/p - kobold demonologist
Aim: a kobold demonologist, wielding a +0 dagger and wearing a +0 robe (severely wounded, heavily drained, 60% to hit)
You shoot an arrow.
The arrow closely misses the kobold demonologist.
The kobold demonologist mumbles some strange words.
Fire: b) +0 orcbow
Press: ? - help, Q - select action, (/) - cycle Shift-Dir - straight line, f/p - kobold demonologist
Aim: a kobold demonologist, wielding a +0 dagger and wearing a +0 robe (severely wounded, heavily drained, 60% to hit)
You shoot an arrow. The arrow hits the kobold demonologist.
The kobold demonologist is severely wounded.
You block the kobold demonologist's attack.
Casting: Jinxbite (safe; 2% risk of failure)
Confirm with . or Enter, or press ? or * to list all spells.
You beckon some vexing sprites to accompany your attacks.
You feel your willpower being sapped.
The kobold demonologist closely misses you.
You now have 15/18 mp.
Fire: b) +0 orcbow
Press: ? - help, Q - select action, (/) - cycle Shift-Dir - straight line, f/p - kobold demonologist
Aim: a kobold demonologist, wielding a +0 dagger and wearing a +0 robe (severely wounded, heavily drained, chance to call a sprite on attack: 66%, 60% to hit)
You shoot an arrow.
The arrow barely misses the kobold demonologist.
The sixfirhy hits you! The sixfirhy shocks you!
The soul eater closely misses you. The sixfirhy misses you.
You take 23 damage, and have 64/87 hp.
MASSIVE DAMAGE!!
Fire: b) +0 orcbow
Press: ? - help, Q - select action, (/) - cycle Shift-Dir - straight line, f/p - kobold demonologist
Aim: a kobold demonologist, wielding a +0 dagger and wearing a +0 robe (severely wounded, heavily drained, chance to call a sprite on attack: 66%, 60% to hit)
You shoot an arrow. The arrow misses the sixfirhy.
The arrow hits the kobold demonologist.
The kobold demonologist is severely wounded.
A giggling sprite leaps out and insults the kobold demonologist's ancestors.
The kobold demonologist is almost dead.
The sixfirhy misses you. x2; The sixfirhy hits you.
The sixfirhy shocks you! The soul eater hits you!
You block the sixfirhy's attack.
You take 23 damage, and have 41/87 hp.
MASSIVE DAMAGE!!
The sixfirhy completely misses you.
The soul eater draws from the surrounding life force!
The kobold demonologist casts a spell.
You climb downwards.
Level annotation: exclusion: 2 boulder beetles
There is a stone staircase leading up here.
You take 9 damage, and have 32/87 hp.
Fire: b) +0 orcbow
Press: ? - help, Q - select action, (/) - cycle Shift-Dir - straight line, f - kobold
Aim: a kobold, wielding a +0 dagger of venom and quivering stones (chance to call a sprite on attack: 71%, 62% to hit)
You shoot an arrow. The arrow hits the kobold!
You kill the kobold!
Fire: b) +0 orcbow
Press: ? - help, Q - select action, (/) - cycle Shift-Dir - straight line, f - kobold demonologist
Aim: a kobold demonologist, wielding a +0 dagger and wearing a +0 robe (chance to call a sprite on attack: 36%, 60% to hit)
You shoot an arrow. The arrow hits the kobold demonologist!
The kobold demonologist is lightly wounded.
A kobold brigand comes into view.
It is wielding a +0 short sword and quivering curare-tipped darts.
The kobold demonologist casts a spell.
You gain the combat prowess of a mighty hero.
You can no longer speed up your combat.
You now have 14/18 mp.
Fire: b) +0 orcbow
Press: ? - help, Q - select action, (/) - cycle Shift-Dir - straight line, f/p - kobold demonologist
Aim: a kobold demonologist, wielding a +0 dagger and wearing a +0 robe (lightly wounded, chance to call a sprite on attack: 36%, 65% to hit)
Okay, then.
Unknown command.
The kobold demonologist casts a spell.
The rust devil hits you. The rust devil corrodes you!
The kobold shouts!
You climb upwards.
Level annotation: exclusion: vampire The jinxing sprites lose interest in you.
The soul eater hits you!!
* * * LOW HITPOINT WARNING * * *
The ice devil hits you!
* * * LOW HITPOINT WARNING * * *
The ice devil freezes you!
You die...

...#####.....#.............#####.
...#.......###..####.##.##.......
####.......# #..####.#####.######
#.......# #..†..........#
#.......# #...#..########
#.......# #...#.## #.......#
#.....##### #.......# #.3.3.....#
#.......# #..@4K....# #######.#
#.##......# #.###+##......#
#..(..........#
#.............##########
#......................#
##......####)..........#
#......####...........#
##....................#


You could see a soul eater (summoned), an ice devil (summoned), a kobold
demonologist (very drained) and a sixfirhy (summoned).

Vanquished Creatures
  A boulder beetle (D:10)
  A two-headed ogre (D:10)
  The ghost of xbox the Trooper, a novice DsWn of Vehumet (D:7)
  2 cyclopes
  Jeremiah (D:7)
  Maggie (D:8)
  A kobold demonologist (D:6)
  A troll (D:11)
  A wyvern (D:11)
  3 yaks
  A wraith (D:9)
  A water moccasin (D:7)
  A warg (D:8)
  4 acid dragons
  5 orc warriors
  A black bear (D:5)
  An ice beast (D:7)
  2 ogres
  3 centaurs
  3 kobold brigands
  A bullfrog (D:6)
  A gnoll sergeant (D:10)
  A scorpion (D:5)
  9 wights (D:6)
  2 hounds
  2 jellies (D:6)
  3 gnoll boudas
  7 orc priests
  A sleepcap (D:7)
  An iguana (D:6)
  2 orc wizards (D:8)
  20 gnolls
  6 adders
  2 white imps
  6 ufetubi
  A worm (D:2)
  A dart slug (D:2)
  26 orcs
  2 bats
  3 endoplasms
  3 giant cockroaches
  8 hobgoblins
  5 quokkas
  8 ball pythons
  5 frilled lizards
  3 goblins
  12 kobolds
  7 rats
183 creatures vanquished.

Notes
Turn   | Place    | Note
-------+----------+-------------------------------------------
     0 | D:1      | mdonais the Octopode Hexslinger began the quest for the
                  | Orb.
     0 | D:1      | Reached XP level 1. HP: 13/13 MP: 2/2
   132 | D:1      | Reached XP level 2. HP: 18/18 MP: 3/3
   142 | D:1      | Learned a level 2 spell: Jinxbite
   428 | D:1      | Found a faded altar of an unknown god.
   941 | D:2      | Reached XP level 3. HP: 23/23 MP: 5/5
   980 | D:2      | Learned a level 3 spell: Inner Flame
  1552 | D:2      | Reached XP level 4. HP: 29/29 MP: 3/6
  2549 | D:4      | Noticed an ogre
  2556 | D:4      | Killed an ogre
  2557 | D:4      | Reached skill level 3 in Ranged Weapons
  2557 | D:4      | Reached XP level 5. HP: 36/36 MP: 4/8
  2650 | D:4      | Found Xocil's Antique Armour Emporium.
  3103 | D:4      | Reached XP level 6. HP: 34/42 MP: 6/9
  3204 | D:5      | Entered Level 5 of the Dungeon
  3247 | D:5      | Noticed a black bear
  3263 | D:5      | Learned a level 2 spell: Blink
  3454 | D:5      | Reached skill level 4 in Ranged Weapons
  3507 | D:5      | Reached XP level 7. HP: 48/48 MP: 4/11
  3656 | D:5      | Reached skill level 5 in Ranged Weapons
  3732 | D:5      | Identified a scroll of acquirement
  4011 | D:6      | Found a glowing silver altar of Zin.
  4339 | D:6      | Reached XP level 8. HP: 36/53 MP: 7/12
  4639 | D:6      | Reached skill level 6 in Ranged Weapons
  4721 | D:6      | Reached skill level 5 in Fighting
  5205 | D:6      | Reached skill level 7 in Ranged Weapons
  5302 | D:7      | Noticed a kobold demonologist
  5310 | D:7      | Noticed a rust devil
  5313 | D:6      | Noticed an ice devil
  5315 | D:6      | Noticed a smoke demon
  5319 | D:6      | Killed a kobold demonologist
  5320 | D:6      | Reached XP level 9. HP: 24/62 MP: 9/13
  5446 | D:7      | Found Tedweown's Book Boutique.
  5550 | D:7      | Noticed Jeremiah
  5776 | D:7      | Reached skill level 8 in Ranged Weapons
  6284 | D:7      | Found a staircase to the Ecumenical Temple.
  6293 | Temple   | Entered the Ecumenical Temple
  6320 | Temple   | Became a worshipper of Warmaster Okawaru
  6478 | D:8      | Noticed Maggie
  6486 | D:8      | Killed Maggie
  6611 | D:8      | Reached skill level 5 in Hexes
  6632 | D:7      | Reached skill level 5 in Dodging
  6723 | D:8      | Reached * piety under Okawaru
  6728 | D:8      | Reached skill level 1 in Invocations
  6728 | D:8      | Reached skill level 1 in Evocations
  6801 | D:8      | Found a runed translucent gate.
  6802 | D:8      | Found a runed translucent gate.
  6803 | D:8      | Found a runed translucent gate.
  6803 | D:8      | Noticed xbox's ghost (novice DsWn)
  6970 | D:8      | Found an ancient bone altar of Kikubaaqudgha.
  6970 | D:8      | Found a stormy altar of Qazlal.
  7676 | D:9      | Reached skill level 1 in Stealth
  8557 | D:10     | Entered Level 10 of the Dungeon
  8557 | D:10     | Noticed a cyclops
  8569 | D:9      | Killed a cyclops
  8570 | D:9      | Reached XP level 10. HP: 25/71 MP: 7/14
  9067 | D:10     | Reached ** piety under Okawaru
  9106 | D:10     | Noticed a two-headed ogre
  9111 | D:10     | Killed a two-headed ogre
  9112 | D:10     | Reached skill level 1 in Translocations
  9647 | D:10     | Found a sparkling altar of Nemelex Xobeh.
 10049 | D:11     | Noticed a cyclops
 10060 | D:11     | Killed a cyclops
 10060 | D:11     | Reached *** piety under Okawaru
 10061 | D:11     | Reached skill level 5 in Stealth
 10062 | D:11     | Reached skill level 11 in Ranged Weapons
 10062 | D:11     | Reached XP level 11. HP: 81/81 MP: 14/16
 10067 | D:11     | Learned a level 3 spell: Sigil of Binding
 10072 | D:11     | Learned a level 4 spell: Dimensional Bullseye
 10076 | D:11     | Learned a level 3 spell: Swiftness
 10144 | D:11     | Noticed a boulder beetle
 10212 | D:11     | Noticed a boulder beetle
 10410 | D:7      | Found a staircase to the Ecumenical Temple.
 10516 | D:7      | Found Tedweown's Book Boutique.
 10527 | D:7      | Killed Jeremiah
 10990 | D:7      | Killed xbox's ghost
 11278 | D:8      | Identified the +2 hat of Dithmenos's Pride {Dex+3}
 11414 | D:10     | Killed a boulder beetle
 11414 | D:10     | Reached **** piety under Okawaru
 11415 | D:10     | Reached skill level 10 in Fighting
 11415 | D:10     | Reached skill level 1 in Air Magic
 11415 | D:10     | Reached XP level 12. HP: 66/87 MP: 12/18
 11493 | D:10     | Noticed a soul eater
 11504 | D:10     | Slain by an ice devil

Illustrated notes

Levels and vault maps discovered:
D:1:      roderic_dead_forest, layout_basic, basic_ecumenical_altar, minivault_5
D:2:      layout_basic, dreamdust_princess_bridge, corexii_shack
D:3:      layout_rooms
D:4:      layout_basic, serial_shops, shop, minivault_5
D:5:      layout_basic
D:6:      layout_basic, zin_academy, nicolae_titane
D:7:      layout_basic, temple_statues, serial_shops, nicolae_stop_n_shop_1,
          uniq_jeremiah
D:8:      layout_rooms, amethyst_overflow_temple_binary,
          biasface_ghost_orc_armoury, uniq_maggie
D:9:      layout_loops_corners, lightli_orcish_oven
D:10:     layout_basic, marbit_many_paths, nicolae_zig_zag_zippers
D:11:     layout_long_grid, lair_entry_dummy, orc_0_dummy
Temple:   mainiacjoe_temple_bowtie_tessellation

Skill      XL: |  1  2  3  4  5  6  7  8  9 10 11 |
---------------+----------------------------------+-----
Fighting       | 2 3 4 6 7 9 10 | 10.0
Ranged Weapons | 3 4 5 7 8 11 | 11.3
Spellcasting   | 2 3 4 |  4.0
Hexes          | 4 5 6 |  6.0
Dodging        | 3 4 5 |  5.7
Fire Magic     | 2 3 4 |  4.0
Invocations    | 3 |  3.1
Evocations     | 3 |  3.0
Stealth        | 3 5 6 |  6.0
Translocations | 2 3 |  3.0
Air Magic      | 1 |  1.1

Action                     |  1- 3 |  4- 6 |  7- 9 | 10-12 || total
---------------------------+-------+-------+-------+-------++-------
  Melee: Dagger            |       |       |     1 |       ||     1
         Tentacles         |       |       |     1 |       ||     1
   Fire: Sling             |   108 |    98 |     8 |       ||   214
         Orcbow            |       |       |   273 |   178 ||   451
   Cast: Jinxbite          |    18 |    25 |    70 |    33 ||   146
         Inner Flame       |       |       |     3 |     3 ||     6
         Blink             |       |       |     1 |       ||     1
         Swiftness         |       |       |       |     1 ||     1
         Sigil of Binding  |       |       |       |     1 ||     1
 Invoke: Heroism           |       |       |       |     3 ||     3
    Use: Scroll            |       |     8 |    10 |     1 ||    19
         Potion            |       |       |       |     1 ||     1
   Stab: Sleeping          |       |       |     1 |       ||     1
 Armour: Skin              |    22 |     9 |    77 |    47 ||   155
  Dodge: Dodged            |    27 |    23 |   139 |    56 ||   245
  Block: Other             |       |       |    32 |    20 ||    52
         Reflection        |       |       |     4 |     1 ||     5

Table legend: (Time is in decaauts)
 A = Elapsed time spent in this place.
 B = Non-inter-level travel time spent in this place.
 C = Inter-level travel time spent in this place.
 D = Time resting spent in this place.
 E = Time spent auto-exploring this place.
 F = Levels seen in this place.
 G = Mean time per level.
                   A        B        C        D        E       F      G
               +--------+--------+--------+--------+--------+-----+--------+
         Total |  11597 |  10657 |    940 |   1251 |   7128 |  12 |  966.4 |
       Dungeon |  11545 |  10656 |    889 |   1251 |   7128 |  11 | 1049.5 |
        Temple |     52 |      1 |     51 |      0 |      0 |   1 |   52.0 |
               +--------+--------+--------+--------+--------+-----+--------+

Top non-repeatable levels by time:
     D:6: 1790 daAuts
     D:9: 1689 daAuts
     D:7: 1355 daAuts
    D:10: 1216 daAuts
     D:8: 997 daAuts
     D:1: 951 daAuts
     D:4: 927 daAuts
     D:2: 884 daAuts
     D:5: 768 daAuts
     D:3: 487 daAuts
    D:11: 478 daAuts
  Temple: 52 daAuts
